 Dungeon Crawl Stone Soup version 0.21-a0-52-gbf49515 (webtiles) character file.

81690 Manul the Unseen (level 15, -19/79 HPs)
             Began as a Vine Stalker Assassin on June 12, 2017.
             Was a High Priest of Ru.
             Killed from afar by a deep elf mage (33 damage)
             ... with a bolt of negative energy
             ... on level 1 of the Elven Halls on June 13, 2017.
             The game lasted 00:43:06 (20446 turns).

Manul the Unseen (Vine Stalker Assassin)           Turns: 20446, Time: 00:43:07

Health: -19/79     AC: 11    Str: 15    XL:     15   Next: 71%
Magic:  0/16       EV: 18    Int: 16    God:    Ru [*****.]
Gold:   2179       SH:  0    Dex: 23    Spells: 13/14 levels left

rFire    . . .     SeeInvis .   u - +2 short sword (speed)
rCold    + . .     Gourm    .   (no shield)
rNeg     . . .     Faith    .   P - +1 robe "Qib Moff" {Regen+ Str+2 Int+3 Slay+2}
rPois    .         Spirit   +   t - +2 hat
rElec    .         Reflect  .   C - +2 cloak
rCorr    .         Harm     .   w - +0 pair of gloves
MR       +....                  (no boots)
Stlth    +++++++...             M - amulet of regeneration
Regen    1.9/turn               j - +5 ring of slaying
MPRegen  0.2/turn               K - +2 ring of protection

@: no potions, heavily drained
A: fangs 3, clever 1, cold resistance 1, regeneration 2, magic shield, antimagic
bite, no potion heal 3, rot immunity, inability to drink while threatened, hated
by all, no earth magic, no necromancy magic, no translocations magic, disrupted
magic 1, unskilled 1
a: Draw Out Power, Power Leap, Apocalypse, Renounce Religion


You were on level 1 of the Elven Halls.
You worshipped Ru.
Ru was extremely pleased with you.
You were hungry.

You visited 4 branches of the dungeon, and saw 24 of its levels.
You also visited: Volcano.

You collected 2179 gold pieces.

Inventory:

Hand Weapons
 u - a +2 short sword of speed (weapon)
 Q - a +1 lajatang
Missiles
 f - 17 poisoned needles
 s - 4 needles of sleeping
 U - 3 curare-tipped needles
Armour
 t - a +2 hat (worn)
 w - a +0 pair of gloves (worn)
 C - a +2 cloak (worn)
 P - the +1 robe "Qib Moff" (worn) {Regen+ Str+2 Int+3 Slay+2}
   (You found it on level 7 of the Dungeon)

   It affects your strength (+2).
   It affects your intelligence (+3).
   It affects your accuracy and damage with ranged weapons and melee attacks
   (+2).
   It increases your rate of regeneration.
Jewellery
 j - a +5 ring of slaying (left hand)
 K - a +2 ring of protection (right hand)
 M - an amulet of regeneration (around neck)
 R - an uncursed amulet of guardian spirit {unknown}
Wands
 v - a wand of confusion (35/48)
 y - a wand of confusion (26/48)
 A - a wand of clouds (5/9)
 H - a wand of iceblast (9/15)
 S - a wand of digging (11/24)
Scrolls
 d - 3 scrolls of fog
 h - 9 scrolls of remove curse
 l - 11 scrolls of teleportation
 o - 4 scrolls of recharging {unknown}
 q - 2 scrolls of amnesia
 z - a scroll of holy word
 E - a scroll of enchant weapon
 F - 5 scrolls of identify
 L - 5 scrolls of fear
 N - a scroll of torment {unknown}
 V - a scroll of blinking
 X - 5 scrolls of enchant armour
Potions
 a - a potion of ambrosia {unknown}
 c - a potion of invisibility
 e - 2 potions of resistance {unknown}
 k - 3 potions of lignification {unknown}
 m - 4 potions of haste {unknown}
 n - a potion of experience {unknown}
 p - 4 potions of berserk rage
 B - 4 potions of might {unknown}
 D - 3 potions of brilliance
 I - 8 potions of curing
 J - 4 potions of flight
 T - 2 potions of agility {unknown}
 W - 3 potions of cancellation {unknown}
 Z - 3 potions of magic {unknown}
Comestibles
 g - 21 bread rations
 i - 12 royal jellies
 r - 15 meat rations
 x - 7 fruits


   Skills:
 + Level 9.5(8.0) Fighting
 - Level 12.2(10.7) Short Blades
   Level 1.3(6.7) Long Blades
 + Level 2.0(0.9) Throwing
 + Level 3.5(2.3) Armour
 + Level 8.0(6.6) Dodging
 + Level 19.1(17.3) Stealth
   Level 2.5(1.3) Shields
 + Level 1.2(0.0) Evocations


You had 13 spell levels left.
You knew the following spells:

 Your Spells              Type           Power        Failure   Level  Hunger
a - Animate Skeleton      Necr           N/A          34%         1    ##.....


Dungeon Overview and Level Annotations

Branches:
Dungeon (15/15)            Temple (0/1) D:6            Lair (6/6) D:11
 Spider (0/4) Lair:3        Slime (0/5) Lair:6          Orc (2/2) D:12
    Elf (1/3) Orc:2        Vaults (0/5) D:13         Depths (0/5) D:15
  Swamp: Lair:2-4    Shoals: Lair:2-4

Altars:
Cheibriados
Dithmenos
Elyvilon
Hepliaklqana
Makhleb
Okawaru
Qazlal
Ru
Sif Muna
Uskayaw
Vehumet
Wu Jian
Yredelemnul
The Shining One

Shops:
D:13 *   Orc:2 !%?(

Portals:
Trove: D:11 (give 17 scrolls of teleportation)

Annotations:
D:4 Multipenetrator's ghost, amateur FoFi
D:13 2 transporters, exclusion: obsidian statue
Lair:1 exclusion: oklob plant


Innate Abilities, Weirdness & Mutations

You have razor-sharp teeth.
You heal very quickly.
When hurt, damage is shared between your health and your magic reserves.
Your bite disrupts and absorbs the magic of your enemies.
Potions cannot restore your health.
You are immune to rotting.
You cannot drink potions while threatened.
You are hated by all.
You cannot study or cast Earth magic.
You cannot study or cast Necromancy magic.
You cannot study or cast Translocations magic.
Your casting is slightly disrupted.
You are somewhat unskilled. (-1 Apt)
Your mind is acute. (Int +2)
Your flesh is cold resistant. (rC+)


Message History

You climb downwards.
Welcome to the Elven Halls! 5 deep elf magi come into view.
There is a staircase back to the Mines here.
The deep elf mage shouts!
The deep elf mage casts a spell at you. The bolt of lightning hits you!
You focus your will and slow the deep elf mage in retribution!
Found 7 needles of sleeping.
The deep elf mage points at you and mumbles some strange words.
The bolt of lightning hits you!
The deep elf mage shouts!
The deep elf mage points at you and mumbles some strange words.
The bolt of lightning hits you!
You feel threatened and lose the ability to drink potions!
The deep elf mage gestures at you while chanting.
The bolt of negative energy hits you!
You feel drained.
* * * LOW HITPOINT WARNING * * *
The deep elf mage points at you and mumbles some strange words.
The bolt of negative energy hits you!
You feel drained.
You die...

########
##e...(.##
#.....8..#
##........##
#.......e..###
#......@.....#
#..8.....8e#..+
#..........#
#....8.....#
#...<........#
#....8.....###
#..........#
#..8.....8.#
#............


You could see 3 deep elf magi.

Vanquished Creatures
  Rupert (D:12)
  Louise (D:15)
  The ghost of Xenophilius the Cleaver, a journeyman FoFi of Okawaru (Lair:6)
  A dire elephant (D:15)
  The ghost of MirrMurr the Cruncher, a journeyman DsGl of Okawaru (D:11)
  A great orb of eyes (D:15)
  Harold (Lair:2)
  5 vault guards (D:13)
  7 hydras
  2 centaur warriors
  5 two-headed ogres
  3 tengu warriors (D:15)
  2 orc high priests (Orc:2)
  Nergalle (Lair:3)
  Sonja (D:11)
  An unseen horror (D:14)
  A wizard (D:14)
  4 orc knights
  8 orc sorcerers
  2 oklob plants (Lair:4)
  A wolf spider (D:15)
  A manticore (D:13)
  2 salamanders
  2 cyclopes
  3 deep elf magi
  3 ugly things (D:14)
  The ghost of anet the Magician, a novice DEWz (D:7)
  4 centaur skeletons
  4 elephants (Lair:2)
  3 black mambas
  4 gargoyles
  11 spiny frogs
  A kobold demonologist (D:15)
  A yaktaur (D:13)
  2 efreet
  3 rime drakes
  8 komodo dragons
  A tengu conjurer (D:13)
  A harpy zombie (D:13)
  5 polar bears
  7 trolls
  7 hornets
  Prince Ribbit (D:8)
  3 slime creatures (D:15)
  7 hippogriffs
  A blink frog (Lair:6)
  A dream sheep (Lair:6)
  A centaur simulacrum (D:13)
  14 spriggans (Lair:6)
  2 shadows (D:12)
  2 wraiths
  A steam dragon (D:10)
  3 basilisks
  A fire bat (Volcano)
  47 yaks
  5 hungry ghosts
  Grum (D:9)
  2 wargs (Orc:2)
  13 water moccasins
  8 porcupines
  A meliai simulacrum (D:13)
  A hornet zombie (D:12)
  3 phantoms
  5 black bears
  9 ice beasts
  5 sky beasts
  31 orc warriors
  3 boggarts (Lair:6)
  5 necrophages
  8 ogres
  27 wolves
  11 centaurs
  11 crocodiles
  3 big kobolds
  22 bullfrogs
  2 water moccasin zombies
  6 scorpions
  4 killer bees (D:9)
  17 wights
  3 electric eels (D:13)
  3 howler monkeys (D:9)
  A lava snake (D:14)
  A centaur zombie (D:12)
  7 crimson imps
  2 bullfrog zombies
  A quasit (D:15)
  30 orc priests
  6 jellies
  6 hounds
  33 orc wizards
  A bullfrog skeleton (D:4)
  An iguana (D:8)
  Ijyb (D:4)
  3 worker ants
  A hound skeleton (D:9)
  A worker ant zombie (D:6)
  2 howler monkey zombies
  5 adders
  10 gnolls
  2 shadow imps
  A white imp (D:13)
  2 ufetubi (D:13)
  An ooze (Lair:6)
  An adder zombie (D:8)
  3 adder skeletons
  3 worms
  3 dart slugs
  6 leopard geckos
  96 orcs
  5 giant cockroaches
  10 goblins
  2 hobgoblins
  10 jackals
  6 quokkas
  A ball python (D:6)
  7 bats
  2 frilled lizards (D:3)
  9 kobolds
  A quokka zombie (D:5)
  9 rats
  A plant (Lair:4)
710 creatures vanquished.

Vanquished Creatures (others)
  2 wolves (Lair:6)
  A centaur (Volcano)
  An orc wizard (Orc:2)
  2 orcs
  3 fungi
  A plant (Lair:6)
10 creatures vanquished.

Grand Total: 720 creatures vanquished

Notes
Turn   | Place    | Note
-------+----------+-------------------------------------------
     0 | D:1      | Manul the Vine Stalker Assassin began the quest for the Orb.
     0 | D:1      | Reached XP level 1. HP: 11/11 MP: 2/2
   151 | D:1      | Reached skill level 5 in Stealth
   202 | D:1      | Reached XP level 2. HP: 15/15 MP: 3/3
   500 | D:1      | Reached XP level 3. HP: 15/18 MP: 2/4
  1128 | D:2      | Found a shadowy altar of Dithmenos.
  1151 | D:2      | Reached skill level 6 in Stealth
  1531 | D:2      | Gained mutation: Your natural rate of healing is unusually fast. [Vine Stalker growth]
  1531 | D:2      | Reached XP level 4. HP: 23/23 MP: 5/5
  1884 | D:3      | Found a white marble altar of Elyvilon.
  1974 | D:3      | Reached XP level 5. HP: 26/26 MP: 6/6
  2020 | D:3      | Reached skill level 7 in Stealth
  2679 | D:3      | Reached skill level 1 in Dodging
  2679 | D:3      | Reached XP level 6. HP: 28/32 MP: 5/7
  2747 | D:4      | Found a stormy altar of Qazlal.
  2760 | D:4      | Noticed Multipenetrator's ghost (amateur FoFi)
  2786 | D:4      | Found a basalt altar of Yredelemnul.
  2789 | D:4      | Found a radiant altar of Vehumet.
  2792 | D:4      | Found a hazy altar of Hepliaklqana.
  2795 | D:4      | Found a burning altar of Makhleb.
  2882 | D:4      | Found a sacrificial altar of Ru.
  2918 | D:4      | Noticed Ijyb
  2925 | D:4      | Killed Ijyb
  2925 | D:4      | Reached skill level 8 in Stealth
  2951 | D:4      | Became a worshipper of Ru the Awakened
  3257 | D:4      | Reached XP level 7. HP: 35/35 MP: 8/8
  3386 | D:5      | Entered Level 5 of the Dungeon
  3589 | D:5      | Reached skill level 9 in Stealth
  3743 | D:5      | Gained mutation: You have razor-sharp teeth. [Vine Stalker growth]
  3743 | D:5      | Reached XP level 8. HP: 40/40 MP: 9/9
  3929 | D:5      | Reached skill level 5 in Short Blades
  4065 | D:6      | Found a staircase to the Ecumenical Temple.
  4214 | D:6      | Reached skill level 1 in Armour
  4269 | D:6      | Gained mutation: You are somewhat unskilled. (-1 Apt) [Ru sacrifice]
  4269 | D:6      | Reached * piety under Ru
  4269 | D:6      | Reached ** piety under Ru
  4347 | D:6      | Reached skill level 5 in Short Blades
  4347 | D:6      | Reached skill level 1 in Armour
  4552 | D:6      | Found a deep blue altar of Sif Muna.
  5058 | D:6      | Reached XP level 9. HP: 33/44 MP: 8/10
  5227 | D:7      | Got a heavily jewelled robe
  5241 | D:7      | Identified the cursed +1 robe "Qib Moff" {Regen+ Str+2 Int+3 Slay+2} (You found it on level 7 of the Dungeon)
  5252 | D:7      | Noticed anet's ghost (novice DEWz)
  5259 | D:7      | Killed anet's ghost
  5278 | D:6      | Reached skill level 10 in Stealth
  5681 | D:7      | Found a burning altar of Makhleb.
  5935 | D:7      | Found a snail-covered altar of Cheibriados.
  6151 | D:7      | Reached skill level 1 in Long Blades
  6186 | D:7      | Reached XP level 10. HP: 45/49 MP: 11/11
  6258 | D:7      | Gained mutation: You cannot drink potions while threatened. [Ru sacrifice]
  6258 | D:7      | Reached *** piety under Ru
  6419 | D:7      | Found a glowing golden altar of the Shining One.
  6486 | D:8      | Reached skill level 11 in Stealth
  6491 | D:8      | Gained mutation: You are clumsy. (Dex -2) [mutagenic meat]
  6492 | D:8      | Gained mutation: Your flesh is heat resistant. (rF+) [mutagenic meat]
  6493 | D:8      | Gained mutation: You are partially covered in slimy green scales. (AC +2) [mutagenic meat]
  6494 | D:8      | Gained mutation: You are resistant to hostile enchantments. (MR+) [mutagenic meat]
  6496 | D:8      | Gained mutation: You can translocate small distances at will. [mutagenic meat]
  6664 | D:8      | Noticed Prince Ribbit
  6668 | D:8      | Killed Prince Ribbit
  6775 | D:8      | Found a hide-covered altar of Uskayaw.
  6784 | D:8      | Found an ornate altar of the Wu Jian Council.
  6993 | D:9      | Found a glowing golden altar of the Shining One.
  7138 | D:9      | Noticed Grum
  7149 | D:9      | Killed Grum
  7156 | D:9      | Reached skill level 12 in Stealth
  7535 | D:10     | Entered Level 10 of the Dungeon
  7539 | D:10     | Learned a level 1 spell: Animate Skeleton
  7554 | D:10     | Reached XP level 11. HP: 54/54 MP: 12/12
  7600 | D:10     | Noticed a two-headed ogre
  7612 | D:10     | Killed a two-headed ogre
  7645 | D:10     | Reached skill level 5 in Fighting
  7767 | D:10     | Gained mutation: You cannot study or cast Earth magic. [Ru sacrifice]
  7767 | D:10     | Gained mutation: You cannot study or cast Necromancy magic. [Ru sacrifice]
  7767 | D:10     | Gained mutation: You cannot study or cast Translocations magic. [Ru sacrifice]
  7767 | D:10     | Reached **** piety under Ru
  7798 | D:10     | Found an iron altar of Okawaru.
  8019 | D:10     | Reached skill level 13 in Stealth
  8680 | D:11     | Noticed a two-headed ogre
  8681 | D:11     | Killed a two-headed ogre
  8733 | D:11     | You fall through a shaft!
  8733 | D:12     | Noticed a two-headed ogre
  8737 | D:12     | Killed a two-headed ogre
  8811 | D:12     | Noticed a deep elf mage
  8811 | D:12     | Noticed Rupert
  8812 | D:12     | Noticed a deep elf mage
  8814 | D:12     | Killed a deep elf mage
  8816 | D:12     | Noticed a wizard
  8848 | D:11     | Noticed Sonja
  8860 | D:11     | Gained mutation: You have supernaturally acute eyesight. (SInv) [mutagenic meat]
  8946 | D:11     | Killed Sonja
  9069 | D:11     | Noticed MirrMurr's ghost (journeyman DsGl)
  9069 | D:11     | Found a staircase to the Lair.
  9263 | D:11     | Found a portal to a secret trove of treasure.
  9356 | D:11     | Killed MirrMurr's ghost
  9356 | D:11     | Reached skill level 14 in Stealth
  9520 | D:12     | Gained mutation: You heal very quickly. [Vine Stalker growth]
  9520 | D:12     | Reached XP level 12. HP: 60/60 MP: 13/13
  9581 | D:12     | Noticed a five-headed hydra
  9585 | D:12     | Killed a five-headed hydra
  9884 | D:12     | Identified Ts'ui PĂȘn's Catalogue of Forking Paths
  9891 | D:12     | Identified the Incunabulum of Combed Thunderclap
  9908 | D:12     | Identified Sif Muna's Papyrus of Dhcmrlchtdj
 10029 | D:12     | Killed Rupert
 10029 | D:12     | Reached skill level 5 in Dodging
 10247 | D:12     | Found a staircase to the Orcish Mines.
 10468 | D:13     | Noticed a centaur warrior
 10483 | D:13     | Killed a centaur warrior
 10504 | D:13     | Reached skill level 15 in Stealth
 10519 | D:13     | Noticed a seven-headed hydra
 10522 | D:13     | Found a transporter.
 10522 | D:13     | Noticed a fire giant
 10577 | D:13     | Noticed a vault guard
 10619 | Orc:1    | Entered Level 1 of the Orcish Mines
 11006 | Orc:1    | Reached skill level 10 in Short Blades
 11161 | Orc:2    | Entered Level 2 of the Orcish Mines
 11459 | Orc:2    | Reached XP level 13. HP: 65/65 MP: 14/14
 11470 | Orc:2    | Found a staircase to the Elven Halls.
 11522 | Orc:2    | Found a dark tunnel.
 11531 | Volcano  | Entered a volcano
 11939 | Orc:2    | Reached skill level 1 in Evocations
 11971 | Orc:2    | Found Uxzab's Magic Scroll Shoppe.
 11971 | Orc:2    | Found Olotau's Distillery.
 12278 | Orc:1    | Reached skill level 16 in Stealth
 12391 | Orc:2    | Found Istuupoxono's Weapon Shoppe.
 12404 | Orc:2    | Found Bumuuc's Food Emporium.
 12803 | Lair:1   | Entered Level 1 of the Lair of Beasts
 13145 | Lair:1   | Reached skill level 1 in Shields
 13381 | Lair:1   | Got a pitted helmet
 13382 | Lair:1   | Identified the +0 helmet of a Thousand Hells {+Fly rC+ Stlth-} (You found it on level 1 of the Lair of Beasts)
 13614 | Lair:1   | Gained mutation: You are hated by all. [Ru sacrifice]
 13614 | Lair:1   | Reached ***** piety under Ru
 14071 | Lair:2   | Noticed Harold
 14086 | Lair:2   | Killed Harold
 14670 | Lair:3   | Noticed Nergalle
 14676 | Lair:3   | Found a hole to the Spider Nest.
 14677 | Lair:3   | Killed Nergalle
 14677 | Lair:3   | Reached XP level 14. HP: 72/72 MP: 15/15
 14787 | Lair:3   | Lost mutation: You are clumsy. (Dex -2) [potion of mutation]
 14787 | Lair:3   | Lost mutation: Your flesh is heat resistant. (rF+) [potion of mutation]
 14787 | Lair:3   | Lost mutation: You have supernaturally acute eyesight. (SInv) [potion of mutation]
 14787 | Lair:3   | Lost mutation: You can translocate small distances at will. [potion of mutation]
 14787 | Lair:3   | Lost mutation: You are resistant to hostile enchantments. (MR+) [potion of mutation]
 14787 | Lair:3   | Lost mutation: You are partially covered in slimy green scales. (AC +2) [potion of mutation]
 14787 | Lair:3   | Gained mutation: Your mind is acute. (Int +2) [potion of mutation]
 14787 | Lair:3   | Gained mutation: Your flesh is cold resistant. (rC+) [potion of mutation]
 15032 | Lair:3   | Found a stormy altar of Qazlal.
 16503 | Lair:5   | Reached skill level 17 in Stealth
 16832 | Lair:6   | Entered Level 6 of the Lair of Beasts
 17002 | Lair:6   | Noticed Xenophilius's ghost (journeyman FoFi)
 17013 | Lair:6   | Killed Xenophilius's ghost
 17309 | Lair:6   | Found a staircase to the Slime Pits.
 18273 | D:13     | Reached XP level 15. HP: 47/78 MP: 16/16
 18335 | D:13     | Found Zutz's Assorted Antiques.
 18496 | D:13     | Found a gate to the Vaults.
 18499 | D:13     | Reached skill level 18 in Stealth
 18673 | D:13     | Gained mutation: Your casting is slightly disrupted. [Ru sacrifice]
 18700 | D:13     | Found a transporter.
 19566 | D:15     | Entered Level 15 of the Dungeon
 19646 | D:15     | Noticed Louise
 19675 | D:15     | Killed Louise
 19750 | D:15     | Found a staircase to the Depths.
 19986 | D:15     | Reached skill level 19 in Stealth
 19999 | D:15     | Gained mutation: You possess an exceptional clarity of mind. [mutagenic meat]
 20000 | D:15     | Lost mutation: You possess an exceptional clarity of mind. [mutagenic meat]
 20358 | D:12     | Upgraded the game from 0.21-a0-51-gea492e9 to 0.21-a0-52-gbf49515
 20442 | Elf:1    | Entered Level 1 of the Elven Halls
 20446 | Elf:1    | Killed from afar by a deep elf mage

Vault maps used:
D:1:      onia_arrival_pentagram, serial_curves, eino_curves_03, eino_curves_01,
          eino_curves_03
D:2:      nicolae_dithmenos_shadow_blocks, first_bread
D:3:      marbit_many_paths
D:4:      grunt_qazlal_clouds, lemuel_crystal_altar,
          grunt_temple_overflow_cloverleaf, uniq_ijyb
D:6:      minmay_opposing_rooms, lemuel_crystal_altar, temple_statues
D:7:      kennysheep_mini, old_standard_altar, grunt_ogre_cave, bloody_makhleb
D:8:      amethyst_overflow_temple_binary, uniq_prince_ribbit1
D:9:      basic_altar, uniq_grum
D:10:     basic_altar
D:11:     david_lair_generic, enter_trove_1, minivault_23, uniq_sonja
D:12:     hiddenorc1_lemuel, bh_hangedman_babel_library, uniq_rupert
D:13:     grunt_vaults_entry_fortified, serial_ice, serial_ice_h, serial_ice_j,
          serial_ice_g, serial_ice_o, serial_ice_c, serial_ice_d, serial_shops,
          nicolae_shop_trees, gammafunk_sealed_arena
D:14:     kennysheep_small_spiral
D:15:     hangedman_depths_entry_try_elsewhere_first, minmay_tree_intersection,
          uniq_louise
Lair:1:   minmay_lair_oklob_bushes
Lair:2:   serial_bayou_ford_a, serial_bayou_shore_b, uniq_harold
Lair:3:   minmay_swamp_entry_wisps, spider_nest_entry_webs,
          lemuel_centaur_altar, infiniplex_staircase_pool_2, uniq_nergalle
Lair:4:   disabler_island
Lair:5:   grunt_megastairs_3
Lair:6:   minmay_lair_end_enchanted_forest, nicolae_slime_entry_slimehenge
Orc:1:    basic_altar
Orc:2:    st_orc_mages, enter_volcano_2
Elf:1:    elf_arrival_002, minivault_28
Volcano:  volcano_village

Skill      XL: |  1  2  3  4  5  6  7  8  9 10 11 12 13 14 15 |
---------------+----------------------------------------------+-----
Stealth        | 5 6 7 8 9 10 12 14 15 16 17 19 | 19.1
Short Blades   | 2 3 4 5 6 7 9 10 11 12 | 12.2
Fighting       | 2 3 4 5 6 7 8 9 |  9.5
Throwing       | 2 |  2.0
Dodging        | 1 2 3 4 5 6 7 8 |  8.0
Armour         | 2 3 |  3.5
Long Blades    | 1 |  1.3
Evocations     | 1 |  1.2
Shields        | 2 |  2.5

Action                   |  1- 3 |  4- 6 |  7- 9 | 10-12 | 13-15 || total
-------------------------+-------+-------+-------+-------+-------++-------
Melee: Dagger            |    36 |       |       |       |       ||    36
       Bite              |     6 |    27 |    60 |   207 |   593 ||   893
       Short sword       |     9 |   103 |   174 |   565 |  1372 ||  2223
       Falchion          |       |       |    14 |    22 |       ||    36
 Fire: Blowgun           |       |     2 |       |       |       ||     2
Invok: Sacrifice Skill   |       |       |     1 |       |       ||     1
       Sacrifice Drink   |       |       |       |     1 |       ||     1
       Reject Sacrifices |       |       |       |     1 |     2 ||     3
       Sacrifice Arcana  |       |       |       |     1 |       ||     1
       Sacrifice Love    |       |       |       |       |     1 ||     1
       Sacrifice Essence |       |       |       |       |     1 ||     1
 Abil: Blink             |       |       |       |     8 |     1 ||     9
Evoke: Wand              |       |       |       |     2 |     4 ||     6
       Phial of floods   |       |       |       |     1 |       ||     1
  Use: Scroll            |     2 |       |     6 |    10 |    11 ||    29
       Potion            |       |     1 |       |     2 |     3 ||     6
 Stab: Sleeping          |    16 |    11 |    23 |    40 |    54 ||   144
       Distracted        |       |       |     1 |    10 |    15 ||    26
       Invisible         |       |       |       |     4 |    14 ||    18
       Paralysed         |       |       |       |     1 |     1 ||     2
  Eat: Chunk             |     2 |     5 |    10 |    24 |    31 ||    72
Armor: Robe              |     5 |    27 |    17 |   113 |   132 ||   294
       Ring mail         |       |       |    39 |       |       ||    39
Dodge: Dodged            |    11 |    54 |    82 |   217 |   438 ||   802
       Rpst.: Falchion   |       |       |     2 |     2 |       ||     4
